 Dungeon Crawl Stone Soup version 0.30-a0-972-gf3ab3527aa (webtiles) character file.

Game seed: 15087624598587196623

1116 vishdafish the Conjurer (level 8, 0/53 HPs)
             Began as a Demonspawn Conjurer on Mar 31, 2023.
             Was a Follower of Vehumet.
             Killed by nerve-wracking pain
             ... invoked by Menkaure
              (12 damage)
             ... on level 6 of the Dungeon.
             The game lasted 00:08:53 (4795 turns).

vishdafish the Conjurer (Demonspawn Conjurer)       Turns: 4795, Time: 00:08:53

Health: 0/53       AC:  4    Str:  7    XL:     8   Next: 12%
Magic:  2/17       EV: 12    Int: 22    God:    Vehumet [*.....]
Gold:   408        SH:  0    Dex: 12    Spells: 10/19 levels left

rFire   + . .      SeeInvis .    A - +2 dagger (venom)
rCold   + . .      Faith    .    (no shield)
rNeg    . . .      Spirit   .    a - +0 robe
rPois   .          Reflect  .    (no helmet)
rElec   .          Rampage  .    q - scarf {rC+ rF+}
rCorr   .                        (no gloves)
Will    .....                    t - +0 pair of boots
Stlth   ++                       (no amulet)
HPRegen 0.28/turn                (no ring)
MPRegen 0.30/turn                (no ring)

@: no status effects
A: claws 1, rugged brown scales 1, magic regeneration
a: Renounce Religion


You were on level 6 of the Dungeon.
You worshipped Vehumet.
Vehumet was aware of your devotion.
You visited 2 branches of the dungeon, and saw 8 of its levels.
You also visited: Ossuary.

You collected 408 gold pieces.

Inventory:

Hand Weapons
 f - a +0 trident
 j - a +1 dagger of venom
 A - a +2 dagger of venom (weapon)
Armour
 a - a +0 robe (worn)
 q - a scarf of resistance (worn)
 t - a +0 pair of boots (worn)
Jewellery
 e - a +6 ring of strength
 g - an amulet of faith
Wands
 u - a wand of charming (17)
Scrolls
 b - a scroll of blinking
 h - a scroll of amnesia {unknown}
 i - a scroll of vulnerability {unknown}
 l - a scroll of fog {unknown}
 n - a scroll of torment {unknown}
 p - a scroll of fear {unknown}
 r - 2 scrolls of poison {unknown}
 v - 3 scrolls of magic mapping {unknown}
 w - a scroll of noise {unknown}
 y - a scroll of identify
Potions
 c - 2 potions of attraction
 d - a potion of cancellation
 k - 3 potions of heal wounds
 m - 2 potions of curing
 o - a potion of resistance
 s - 2 potions of degeneration {unknown}
 x - 2 potions of might
 z - a potion of berserk rage


   Skills:
 - Level 1.7 Dodging
 - Level 1.7 Stealth
 - Level 6.0 Spellcasting
 - Level 7.3 Conjurations
 + Level 2.4 Hexes
 + Level 2.1 Translocations


You had 10 spell levels left.
You knew the following spells:

 Your Spells              Type           Power      Damage    Failure   Level
a - Magic Dart            Conj           100%       1d8       1%          1
b - Fulminant Prism       Conj/Hex       14%        3d9       12%         4
c - Iskenderun's Mystic   Conj/Tloc      27%        2d7       13%         4

Your spell library contained the following spells:

 Spells                   Type           Power      Damage    Failure   Level
 Shock                    Conj/Air       88%        1d8       1%          1
 Searing Ray              Conj           78%        2d7       1%          2
 Dazzling Flash           Conj/Hex       56%        N/A       3%          3
 Cause Fear               Hex            8%         N/A       32%         4
 Dragon Form              Tmut           3%         N/A       100%        7
 Dragon's Call            Summ           3%         N/A       100%        9


Dungeon Overview and Level Annotations

Branches:
Dungeon (7/15)             Temple (1/1) D:4         Ossuary (visited)

Altars:
Ashenzari
Fedhas
Gozag
Hepliaklqana
Makhleb
Okawaru
Qazlal
Sif Muna
Uskayaw
Vehumet
Wu Jian

Annotations:
D:3 Ijyb
D:5 Pikel, Prince Ribbit
D:6 Eustachio, Menkaure
Temple 2 transporters


Innate Abilities, Weirdness & Mutations

You have sharp fingernails.
You are partially covered in rugged brown scales. (AC +1, +3% HP)
You regenerate magic rapidly.


Message History

As you read the scroll of blinking, it crumbles to dust.
There is a stone staircase leading down here.
Things that are here:
a +0 giant club; an ogre skeleton You climb downwards.
Found 14 gold pieces and a scale mail.
There is a stone staircase leading up here.
You climb upwards.
Level annotation: Eustachio, Menkaure Menkaure gestures at you while chanting.
Pain shoots through your body!
* * * LOW HITPOINT WARNING * * *
There is a stone staircase leading down here.
Things that are here:
a +0 giant club; an ogre skeleton
Casting: Magic Dart (safe; 1% risk of failure)
Confirm with . or Enter, or press ? or * to list all spells.
The spell is quite dangerous to miscast (12% risk of failure)!
Continue anyway?
Aiming: Fulminant Prism (quite dangerous; 12% risk of failure)
Press: ? - help, Dir - move target You conjure a prism of explosive energy!
A fulminant prism comes into view.
Your fulminant prism crackles loudly.
You hear an explosion!
The blast of energy engulfs Menkaure!!
Menkaure is severely damaged.
You hear a shout!
Casting: Fulminant Prism (quite dangerous; 12% risk of failure)
Confirm with . or Enter, or press ? or * to list all spells.
The spell is quite dangerous to miscast (12% risk of failure)!
Continue anyway?
Aiming: Fulminant Prism (quite dangerous; 12% risk of failure)
Press: ? - help, Dir - move target You conjure a prism of explosive energy!
A fulminant prism comes into view.
Menkaure casts a spell at you.
You struggle to resist.
Your fulminant prism crackles loudly.
Menkaure gestures at you while chanting.
Pain shoots through your body!
You die...

#######........#.#...
######### #........#.#...
#.......###........#.#...
#.........#........#.##..
#.........>.*............
##......*M##.............
#.......รท##..#..........
#........##..######.....
#####......@.##....####.##..
#.............<.............
#5###........###.#.......#
#.# #........###.#.......#
#.#########...##.#.......#
#.##.....##...##.#........
###.##.....##...##.#.......#
#.............####.#.......#
###.##...5.#######.#..###.#.


You could see Menkaure (fast, ally target) and a friendly fulminant prism.

Vanquished Creatures
  Grinder (D:5)
  2 black bears
  3 ogres
  A lemure (D:6)
  A scorpion (D:6)
  A jelly (D:6)
  A hound (D:5)
  A sleepcap (D:4)
  2 iguanas
  An orc wizard (D:3)
  8 mummies (Ossuary)
  2 gnolls (D:5)
  3 adders
  A shadow imp (D:4)
  A white imp (D:6)
  An ufetubus (D:5)
  7 orcs
  3 bats
  A bat skeleton (D:2)
  5 endoplasms
  8 hobgoblins
  11 jackals
  11 kobolds
  2 quokkas (D:1)
  6 ball pythons
  4 frilled lizards
  A giant cockroach zombie (D:2)
  3 goblins
  2 hobgoblin zombies (Ossuary)
  2 kobold zombies (Ossuary)
  4 orc zombies (Ossuary)
  A quokka skeleton (D:2)
  2 quokka zombies
  5 rats
  A rat zombie (D:5)
109 creatures vanquished.

Vanquished Creatures (others)
  A fulminant prism (D:6)
  2 withered plants (D:2)
3 creatures vanquished.

Grand Total: 112 creatures vanquished

Notes
Turn   | Place    | Note
-------+----------+-------------------------------------------
     0 | D:1      | vishdafish the Demonspawn Conjurer began the quest for the
                  | Orb.
     0 | D:1      | Reached XP level 1. HP: 13/13 MP: 3/3
   269 | D:1      | Gained mutation: You have sharp fingernails. [demonic
                  | ancestry]
   269 | D:1      | Reached XP level 2. HP: 19/19 MP: 3/5
  1345 | D:2      | Gained mutation: You are partially covered in rugged brown
                  | scales. (AC +1, +3% HP) [demonic ancestry]
  1345 | D:2      | Reached XP level 3. HP: 19/24 MP: 1/7
  1508 | D:2      | You fall into a shaft and drop 2 floors!
  1709 | D:3      | Found a burning altar of Makhleb.
  1709 | D:3      | Found an opulent altar of Gozag.
  1937 | D:2      | Reached XP level 4. HP: 30/30 MP: 3/8
  2325 | D:3      | Noticed Ijyb
  2414 | D:4      | Reached skill level 5 in Conjurations
  2521 | D:4      | Gained mutation: You regenerate magic rapidly. [demonic
                  | ancestry]
  2521 | D:4      | Reached XP level 5. HP: 34/36 MP: 1/10
  2678 | D:4      | Found a staircase to the Ecumenical Temple.
  2716 | Temple   | Entered the Ecumenical Temple
  2716 | Temple   | Found a transporter.
  2716 | Temple   | Found a transporter.
  2722 | Temple   | Found a transporter.
  2722 | Temple   | Found a transporter.
  2735 | Temple   | Became a worshipper of Vehumet
  2898 | D:4      | Found a broken altar of Ashenzari.
  3258 | D:5      | Entered Level 5 of the Dungeon
  3262 | D:5      | Noticed Grinder
  3288 | D:5      | Noticed an ogre
  3294 | D:5      | Killed an ogre
  3295 | D:5      | Reached XP level 6. HP: 41/42 MP: 5/12
  3371 | D:5      | Paralysed by Grinder for 3 turns
  3383 | D:5      | Paralysed by Grinder for 3 turns
  3404 | D:5      | Killed Grinder
  3405 | D:5      | Reached skill level 5 in Spellcasting
  3405 | D:5      | Reached skill level 6 in Conjurations
  3406 | D:5      | Found a sand-covered staircase.
  3463 | Ossuary  | Entered an ossuary
  3527 | Ossuary  | Reached XP level 7. HP: 45/47 MP: 2/14
  3527 | Ossuary  | Reached * piety under Vehumet
  3527 | Ossuary  | Offered knowledge of Shock by Vehumet.
  4185 | D:5      | Found an iron altar of Okawaru.
  4208 | D:5      | Reached skill level 7 in Conjurations
  4328 | D:5      | Learned a level 4 spell: Fulminant Prism
  4333 | D:5      | Learned a level 4 spell: Iskenderun's Mystic Blast
  4412 | D:5      | Noticed Pikel
  4416 | D:5      | Noticed Prince Ribbit
  4561 | D:6      | Reached skill level 1 in Hexes
  4561 | D:6      | Reached skill level 1 in Translocations
  4617 | D:6      | Noticed Eustachio
  4738 | D:6      | Reached XP level 8. HP: 53/53 MP: 14/17
  4761 | D:6      | Noticed Menkaure
  4795 | D:6      | Killed from afar by Menkaure

Illustrated notes

Levels and vault maps discovered:
D:1:      dpeg_arrival_court, layout_basic
D:2:      layout_rooms, serial_undead, serial_undead_e, serial_undead_a,
          serial_undead_f, serial_undead_b
D:3:      layout_loops_ring, chequers_temple_overflow_minitemple,
          mainiacjoe_overflow_large_starburst, uniq_ijyb
D:4:      layout_cave_pools, evilmike_ruin_ashenzari,
          minmay_temple_entry_statues_pillars, wad_rectangle_vault
D:5:      layout_basic, mainiacjoe_overflow_paths, okawaru_altar_gauntlet_db,
          enter_ossuary_4, uniq_pikel, uniq_grinder, uniq_prince_ribbit1
D:6:      layout_basic, uniq_eustachio, uniq_menkaure
D:7:      layout_cave_pools, mainiacjoe_overflow_cross_hatched,
          nrook_mini_backslash, kennysheep_boxes
Temple:   hellmonk_temple_divided_pantheon

Skill      XL: |  1  2  3  4  5  6  7  8 |
---------------+-------------------------+-----
Spellcasting   | 3 4 5 6 |  6.0
Conjurations   | 5 6 7 |  7.3
Hexes          | 1 2 |  2.4
Translocations | 1 2 |  2.1
Dodging        | |  1.7
Stealth        | |  1.7

Action                     |  1- 3 |  4- 6 |  7- 9 || total
---------------------------+-------+-------+-------++-------
  Melee: Unarmed           |     6 |       |       ||     6
         Dagger            |     3 |    73 |     5 ||    81
         Trident           |     3 |       |       ||     3
         Punch             |       |       |     1 ||     1
   Cast: Magic Dart        |    82 |   115 |   153 ||   350
         Iskenderun's Myst |       |       |     2 ||     2
         Fulminant Prism   |       |       |     2 ||     2
    Use: Potion            |     2 |     4 |       ||     6
         Scroll            |       |     2 |     4 ||     6
   Stab: Sleeping          |       |     2 |       ||     2
 Armour: Robe              |     4 |    28 |    13 ||    45
  Dodge: Dodged            |    18 |    86 |    42 ||   146

Table legend: (Time is in decaauts)
 A = Elapsed time spent in this place.
 B = Non-inter-level travel time spent in this place.
 C = Inter-level travel time spent in this place.
 D = Time resting spent in this place.
 E = Time spent auto-exploring this place.
 F = Levels seen in this place.
 G = Mean time per level.
                   A        B        C        D        E       F      G
               +--------+--------+--------+--------+--------+-----+--------+
         Total |   4804 |   4689 |    115 |     98 |   3690 |   9 |  533.8 |
       Dungeon |   4178 |   4064 |    114 |     50 |   3273 |   7 |  596.9 |
        Temple |     31 |     31 |      0 |      0 |      3 |   1 |   31.0 |
       Ossuary |    594 |    594 |      0 |     48 |    414 |   1 |  594.0 |
               +--------+--------+--------+--------+--------+-----+--------+

Top non-repeatable levels by time:
     D:1: 1239 daAuts
     D:4: 958 daAuts
     D:2: 685 daAuts
 Ossuary: 594 daAuts
     D:5: 561 daAuts
     D:3: 365 daAuts
     D:6: 364 daAuts
  Temple: 31 daAuts
     D:7: 3 daAuts
